Map: Frozen Temple

Players

Tenonee - Winner!

  • Race: Terran Terran
  • League: Platinum

BaconMan

  • Race: Zerg Zerg
  • League: Platinum

VOD

Have the link to the VOD?

Description

Time

  • Played on: July 23, 2016, 7:05 a.m.
  • Length: 11:28
Show
View Real Time Build Order
Export as new Build Order

Tenonee Terran - Winner!

Build Orders: Reaper Expand 

Get SALT Encoding   

  12  0:01  SCV  
  13  0:13  SCV  
  14  0:18  Supply Depot  
  14  0:25  SCV  
  15  0:40  SCV  
  15  0:41  Barracks  
  16  0:48  Refinery  
  16  0:54  SCV  
  17  1:07  SCV  
  17  1:10  Supply Depot  
  18  1:19  SCV  
  19  1:34  Orbital Command  
  19  1:35  Reaper  
  20  1:51  Command Center  
  20  2:00  SCV  
  21  2:11  Factory  
  21  2:15  SCV  
  22  2:18  Marine  
  23  2:27  SCV  
  24  2:41  Barracks Reactor  
  24  2:43  SCV  
  24  2:44  Barracks  
  25  2:56  SCV  
  26  3:03  Hellion  
  29  3:06  Orbital Command  
  28  3:15  SCV  
  27  3:27  SCV  
  27  3:28  Barracks Tech Lab  
  27  3:34  Supply Depot  
  28  3:38  Barracks Reactor, SCV  
  28  3:39  SCV  
  28  3:40  Hellion  
  32  3:49  Starport, Refinery  
  32  3:50  SCV  
  32  3:51  SCV  
  32  3:52  Marine  
  35  4:02  SCV  
  36  4:03  SCV  
  36  4:04  Hellion x2  
  36  4:09  Supply Depot  
  41  4:14  SCV  
  41  4:16  SCV  
  41  4:17  Stimpack  
  43  4:25  Hellion  
  43  4:26  Orbital Command  
  43  4:28  SCV  
  43  4:29  Hellion  
  48  4:43  Starport Reactor, SCV  
  48  4:44  Marine  
  50  4:55  SCV  
  50  4:57  SCV  
  52  5:02  Marine  
  52  5:05  Widow Mine x2  
  52  5:06  Marine x2  
  59  5:07  SCV  
  59  5:09  SCV  
  61  5:19  SCV  
  62  5:22  Command Center  
  62  5:27  Supply Depot  
  62  5:31  Supply Depot  
  62  5:32  Supply Depot  
  62  5:39  Engineering Bay x2  
  62  5:49  SCV x2, Marine, Medivac x2  
  69  5:50  Marine  
  69  5:52  Widow Mine x2, Marine  
  69  5:56  Supply Depot  
  73  6:01  SCV  
  74  6:06  Marine  
  74  6:08  Marine  
  74  6:10  Marine  
  77  6:12  Terran Infantry Armor Level 1, Terran Infantry Weapons Level 1  
  77  6:19  Barracks  
  77  6:21  Barracks  
  77  6:26  Supply Depot  
  77  6:28  Marine x3  
  77  6:30  Medivac  
  82  6:39  Refinery  
  82  6:40  Refinery  
  82  6:46  Marine x2  
  84  6:50  Marine  
  85  6:56  Widow Mine x2  
  85  6:57  Orbital Command  
  85  6:59  Medivac  
  89  7:03  Marine  
  89  7:08  Marine  
  91  7:14  SCV  
  91  7:15  SCV  
  95  7:18  Orbital Command  
  95  7:20  Armory  
  95  7:21  Barracks Reactor  
  95  7:22  Barracks Reactor  
  89  7:37  Marine x2, Marauder  
  91  7:40  Widow Mine x2  
  91  7:41  Medivac  
  97  7:50  Missile Turret  
  85  7:54  Marine  
  85  7:55  Marine  
  85  7:58  Marine  
  82  8:00  Marine x4  
  82  8:02  SCV x3  
  89  8:12  Marine x2  
  87  8:16  Marine  
  82  8:31  Marine x2  
  82  8:33  Marine x5  
  84  8:41  Barracks  
  84  8:42  Missile Turret  
  84  8:44  Missile Turret  
  84  8:45  Barracks  
  84  8:49  Marine x2  
  84  8:51  Marine x4  
  84  8:52  Widow Mine x2  
  84  8:53  Medivac x2  
  84  8:54  Terran Infantry Weapons Level 2  
  84  8:55  Terran Infantry Armor Level 2  
  98  8:59  SCV x2  
  100  9:07  Supply Depot, Marine  
  100  9:08  Marine x3  
  102  9:23  Medivac  
  104  9:24  Marine x3  
  104  9:25  Widow Mine x2, Marine x2  
  104  9:26  Marauder  
  115  9:32  Supply Depot  
  115  9:34  Supply Depot, SCV  
  115  9:50  Marine x2  
  110  9:54  Marine  
  110  9:58  Marine x3  
  113  10:02  Liberator x2  
  113  10:03  Barracks Reactor x2  
  99  10:14  Marine  
  99  10:15  Marine x4  
  99  10:16  Widow Mine x2, Marine x2  
  116  10:32  Marine  
  116  10:33  Marine x2, Marauder  
  117  10:38  Marine x2  
  119  10:45  Marine  
  119  10:46  Marine  
  120  10:53  SCV x2  
  120  10:55  SCV  
  125  11:01  Marine x3  
  126  11:16  SCV  
Show
View Real Time Build Order
Export as new Build Order

BaconMan Zerg 

Build Orders: Pool First 

Get SALT Encoding   

  12  0:01  Drone  
  13  0:12  Overlord  
  13  0:17  Drone  
  14  0:30  Drone  
  14  0:31  Drone  
  14  0:35  Drone  
  17  0:46  Drone  
  17  0:47  Extractor  
  17  1:01  Spawning Pool  
  17  1:02  Drone  
  17  1:11  Drone  
  18  1:23  Drone  
  19  1:28  Overlord  
  19  1:41  Drone  
  19  1:42  Hatchery  
  19  1:48  Metabolic Boost  
  19  1:52  Queen  
  21  2:00  Zergling x2  
  22  2:04  Zergling x2  
  23  2:11  Zergling x2  
  25  2:22  Drone  
  25  2:23  Extractor  
  24  2:38  Zergling x2  
  25  2:52  Zergling x2  
  26  3:00  Drone  
  26  3:01  Drone  
  28  3:24  Drone x2  
  30  3:28  Lair  
  30  3:32  Drone x3  
  33  3:46  Evolution Chamber, Drone x2  
  33  3:47  Evolution Chamber, Queen  
  35  3:49  Overlord  
  35  3:50  Overlord  
  35  3:57  Drone  
  36  4:08  Spine Crawler  
  36  4:09  Drone x2  
  37  4:14  Drone x2  
  37  4:15  Drone  
  40  4:21  Drone x2, Extractor  
  40  4:24  Zerg Melee Weapons Level 1  
  41  4:25  Zerg Ground Armor Level 1  
  39  4:37  Zergling x4  
  41  4:40  Drone x2  
  43  5:00  Drone  
  43  5:01  Drone x3  
  43  5:03  Drone x2  
  43  5:04  Drone x4, Extractor  
  43  5:05  Overlord  
  52  5:14  Spire  
  51  5:25  Drone  
  51  5:27  Overlord  
  50  6:02  Zergling x6  
  50  6:03  Zergling x2  
  50  6:12  Overlord  
  50  6:13  Overlord  
  50  6:31  Mutalisk  
  50  6:32  Mutalisk x6  
  58  6:37  Zerg Flyer Weapons Level 1  
  64  6:43  Mutalisk x2  
  64  6:44  Mutalisk x3  
  73  7:34  Mutalisk  
  73  7:35  Overlord  
  73  7:36  Overlord x3  
  75  7:44  Hatchery  
  74  8:02  Mutalisk x5  
  74  8:03  Zergling x2  
  74  8:04  Zergling x12  
  91  8:18  Zergling x8  
  91  8:19  Zergling x6  
  82  8:29  Spore Crawler  
  79  8:37  Overseer  
  79  8:46  Spine Crawler  
  78  8:49  Zerg Flyer Weapons Level 2  
  78  8:51  Mutalisk  
  78  8:52  Mutalisk x4  
  88  9:13  Drone x6  
  88  9:14  Drone  
  95  9:19  Extractor  
  95  9:20  Extractor  
  95  9:21  Overseer  
  93  9:34  Infestation Pit  
  84  10:07  Lair, Zergling x2  
  84  10:08  Zergling x32  
  78  10:21  Zergling x6  
  63  10:32  Mutalisk  
  63  10:33  Mutalisk x4  
  52  10:49  Mutalisk  
  52  10:50  Mutalisk x3  
  60  10:57  Zergling x10  
  60  11:07  Zergling x8  
Tags
 
Add a new tag
Caveats
  • Supply blocks, unpowered buildings, or Contaminate may cause inaccurate times.
  • Supply counts are checked every 10 seconds.